 Dungeon Crawl Stone Soup version 0.22.1-2-g9c5b331383 (webtiles) character file.

24 apn the Grave Robber (level 3, -5/28 HPs)
             Began as a Human Necromancer on Dec 19, 2018.
             Slain by a worm (6 damage)
             ... on level 3 of the Dungeon.
             The game lasted 00:20:18 (1045 turns).

apn the Grave Robber (Human Necromancer)            Turns: 1045, Time: 00:20:19

Health: -5/28      AC:  7    Str:  7 (8)  XL:     3   Next: 15%
Magic:  1/6        EV: 10    Int: 16      God:
Gold:   53         SH:  0    Dex: 11 (13) Spells: 5/6 levels left

rFire    + + .     SeeInvis .   j - +0 dagger
rCold    x . .     Gourm    .   (no shield)
rNeg     . . .     Faith    .   g - +1 ring mail {rF+}
rPois    .         Spirit   .   (no helmet)
rElec    .         Reflect  .   (no cloak)
rCorr    .         Harm     .   i - +0 pair of gloves
MR       .....                  (no boots)
Stlth    +.........             (no amulet)
HPRegen  0.09/turn              e - ring of fire
MPRegen  0.10/turn              (no ring)

@: very slightly contaminated
A: fangs 1, deterioration 1, robust 2
a: no special abilities


You were on level 3 of the Dungeon.
You were very hungry.

You visited 1 branch of the dungeon, and saw 3 of its levels.

You collected 53 gold pieces.

Inventory:

Hand Weapons
 b - a +0 club
 j - a +0 dagger (weapon)
Armour
 a - a +0 robe
 g - a +1 ring mail of fire resistance (worn)
 i - a +0 pair of gloves (worn)
Jewellery
 e - a ring of fire (left hand)
Scrolls
 f - a scroll of teleportation {unknown}
Potions
 d - a potion of agility
 h - a potion of might {unknown}
Comestibles
 c - 3 rations


   Skills:
 + Level 2.0 Dodging
 + Level 2.5 Stealth
 + Level 2.3 Spellcasting
 + Level 4.3 Necromancy


You had 5 spell levels left.
You knew the following spells:

 Your Spells              Type           Power        Failure   Level  Hunger
a - Pain                  Necr           ###.         12%         1    #......

Your spell library contained the following spells:

 Spells                   Type           Power        Failure   Level  Hunger
 Animate Skeleton         Necr           N/A          12%         1    #......
 Vampiric Draining        Necr           ###.......   34%         3    ###....
 Regeneration             Chrm/Necr      #.........   65%         3    ###....
 Animate Dead             Necr           N/A          75%         4    #####..


Dungeon Overview and Level Annotations

Branches:
Dungeon (3/15)

Altars:


Innate Abilities, Weirdness & Mutations

You have very sharp teeth.
Your body sometimes deteriorates upon taking damage.
You are very robust. (+20% HP)


Message History

You hit the worm but do no damage.
The worm is moderately wounded.
The worm closely misses you.
You hit the worm but do no damage.
The worm is lightly wounded.
You hit the worm but do no damage.
The worm is lightly wounded.
The worm bites you!
* * * LOW HITPOINT WARNING * * *
Your body deteriorates!
You feel clumsy.
Casting: Pain (safe; 12% risk of failure)
Confirm with . or Enter, or press ? or * to list all spells.
Aiming: Pain (safe; 12% risk of failure)
Press: ? - help, Shift-Dir - straight line, f/p - worm
Aim: a worm (lightly wounded, chance to defeat MR: 80%)
The worm writhes in agony!
You barely miss the worm.
The worm is moderately wounded.
The worm bites you.
You die...

##.........#### .#
.....
####........###.#
..... #........#...#
##.... #....÷.....#
#..... #........(##
#..##.
#####.........#
##..##.
#...#...###..##
##...##.
........#⌠#..######
#..#..#.
........###....w@.##
#.###...
.............####..##
###.# ##..
......########
##..####...# ###
.....## ##....#.#####
# #...## ##.........#
# ##### #.........#
#.........#
###########


You could see a worm.

Vanquished Creatures
  An ooze (D:3)
  2 dart slugs
  An orc (D:3)
  2 hobgoblins (D:1)
  A quokka (D:3)
  3 bats (D:1)
  2 frilled lizards (D:1)
  A goblin (D:1)
  4 rats
17 creatures vanquished.

Notes
Turn   | Place    | Note
-------+----------+-------------------------------------------
     0 | D:1      | apn the Human Necromancer began the quest for the Orb.
     0 | D:1      | Reached XP level 1. HP: 13/13 MP: 3/3
   115 | D:1      | Gained mutation: Your body sometimes deteriorates upon
                  | taking damage. [potion of mutation]
   115 | D:1      | Gained mutation: You have very sharp teeth. [potion of
                  | mutation]
   115 | D:1      | Gained mutation: You are robust. (+10% HP) [potion of
                  | mutation]
   115 | D:1      | Gained mutation: You are very robust. (+20% HP) [potion of
                  | mutation]
   250 | D:1      | Reached XP level 2. HP: 9/22 MP: 0/5
   992 | D:3      | Reached XP level 3. HP: 19/28 MP: 2/6
  1043 | D:3      | HP: 1/28 [worm (9)]
  1045 | D:3      | Slain by a worm

Action                   || total
-------------------------++-------
Melee: Unarmed           ||     3
       Dagger            ||    19
       Club              ||     5
       Bite              ||     3
 Cast: Pain              ||    44
  Use: Potion            ||     5
Armor: Ring mail         ||     4
       Robe              ||     2
Dodge: Dodged            ||    17
